[Event "2nd FIDE WCC Rapid G12"]
[Site "Minsk"]
[Date "2018.06.22"]
[Round "4"]
[White "Misiuk, Monika"]
[Black "Kudryavtseva, Anastasia"]
[Result "1/2-1/2"]
[ECO "E91"]
[WhiteElo "1288"]
[BlackElo "1420"]
[Annotator "NA RC"]
[PlyCount "89"]
[EventDate "2018.06.22"]
[EventType "rapid"]
[EventCountry "BLR"]
[SourceTitle "playchess.com"]
[Source "ChessBase"]
[SourceQuality "1"]
[TimeControl "600+5"]

1. d4 Nf6 2. c4 g6 3. Nc3 Bg7 4. e4 d6 5. Nf3 O-O 6. Be2 c6 7. O-O Nbd7 8. b3 e5 9. Bb2 Qc7 10. Qc2 b6 11. Rfd1 Bb7 12. Rac1 Rad8 13. h3 h6 14. a3 a5 15. Rd2 Kh7 16. Qd1 c5 17. dxe5 dxe5 18. Nd5 Qb8 19. Qc2 Nxd5 20. exd5 Qd6 21. Re1 f5 22. Bd1 e4 23. Bxg7 Kxg7 24. Nh2 Rfe8 25. Rde2 Ne5 26. Qb1 Nd3 27. Rf1 Nf4 28. Re3 Qe5 29. Bc2 Re7 30. Rfe1 Rde8 31. Nf3 Qd6 32. Nd2 Qf6 33. Qa1 Qxa1 34. Rxa1 Kf7 35. Rae1 Bc8 36. Kh2 Nh5 37. Bb1 Nf6 38. Kg1 g5 39. g3 Rd7 40. Kg2 Rd6 41. Bc2 Bd7 42. Bb1 Bc8 43. Bc2 Ba6 44. Kg1 b5 45. Kg2 1/2-1/2

[Event "2nd FIDE WCC Rapid G12"]
[Site "Minsk"]
[Date "2018.06.22"]
[Round "4"]
[White "Shokirjonova, Barchinoy"]
[Black "Krupnova, Anna"]
[Result "1/2-1/2"]
[ECO "E50"]
[WhiteElo "1247"]
[BlackElo "1761"]
[Annotator "NA RC"]
[PlyCount "87"]
[EventDate "2018.06.22"]
[EventType "rapid"]
[EventCountry "BLR"]
[SourceTitle "playchess.com"]
[Source "ChessBase"]
[SourceQuality "1"]
[TimeControl "600+5"]

1. d4 Nf6 2. c4 e6 3. Nf3 Bb4+ 4. Nc3 O-O 5. e3 d6 6. Bd3 Qe7 7. O-O Bxc3 8. bxc3 e5 9. Nd2 Nbd7 10. e4 Re8 11. f3 b6 12. Ba3 Bb7 13. Qe2 Rad8 14. Rae1 c5 15. d5 Nf8 16. f4 exf4 17. Rxf4 Ng6 18. Rff1 Ne5 19. Nf3 Nfd7 20. Nxe5 Nxe5 21. Bc1 Bc8 22. h3 Bd7 23. Bf4 Rf8 24. Qe3 Rde8 25. Qg3 f6 26. Re3 Kh8 27. Ree1 Kg8 28. Kh1 Kh8 29. Qe3 Rf7 30. Qg3 Rff8 31. Qe3 Rg8 32. Qg3 Rgf8 33. Qe3 Rg8 34. Rf2 Ng6 35. Bh2 Ne5 36. Kg1 Rgf8 37. Bf4 Ng6 38. Qg3 Ne5 39. Rfe2 Rg8 40. Rf2 Rgf8 41. Bxe5 Qxe5 42. Qxe5 fxe5 43. Ref1 Kg8 44. a3 1/2-1/2

[Event "2nd FIDE WCC Rapid G12"]
[Site "Minsk"]
[Date "2018.06.23"]
[Round "5"]
[White "Zvereva, Margarita"]
[Black "Dubovik, Maria"]
[Result "0-1"]
[ECO "B92"]
[WhiteElo "1838"]
[BlackElo "1408"]
[Annotator "NA"]
[PlyCount "124"]
[EventDate "2018.06.22"]
[EventType "rapid"]
[EventCountry "BLR"]
[SourceTitle "playchess.com"]
[Source "ChessBase"]
[SourceQuality "1"]
[TimeControl "600+5"]

1. e4 c5 2. Nf3 d6 3. d4 cxd4 4. Nxd4 Nf6 5. Nc3 a6 6. Be2 b5 7. Bf3 e5 8. Nb3 Nc6 9. Bg5 Be7 10. Bxf6 Bxf6 11. Nd5 O-O 12. O-O Be7 13. a4 bxa4 14. Rxa4 Be6 15. Be2 Bxd5 16. Qxd5 Qd7 17. Rfa1 h6 18. c3 Kh8 19. Rxa6 Rxa6 20. Rxa6 Nb8 21. Ra8 f5 22. Bb5 Qc8 23. h3 fxe4 24. Qxe4 Bf6 25. Nd2 Qc5 26. Qe2 d5 27. Nf3 e4 28. Nd2 Bh4 29. Kh2 Bxf2 30. Qg4 Bg1+ 31. Kh1 Be3 32. Nb3 Qxb5 33. Nd4 Qf1+ 34. Kh2 Bf4+ 35. g3 Qf2+ 36. Kh1 Bxg3 37. Qe2 Qf6 38. Qg2 Be5 39. Nb3 Qf1+ 40. Qxf1 Rxf1+ 41. Kg2 Rb1 42. Ra2 Bxc3 43. bxc3 Rxb3 44. Ra8 Kg8 45. Kf2 Kf7 46. Ke3 Nc6 47. Ra6 Rxc3+ 48. Kd2 Rc5 49. Rb6 Ke6 50. Rb7 g5 51. Rh7 Nb4 52. Rxh6+ Ke5 53. Rg6 Kd4 54. Rxg5 Rc2+ 55. Kd1 Kd3 56. Rg3+ e3 57. Rg4 Rh2 58. Rg1 Rxh3 59. Kc1 e2 60. Re1 Nc2 61. Rxe2 Kxe2 62. Kxc2 d4 0-1

[Event "2nd FIDE WCC Rapid G12"]
[Site "Minsk"]
[Date "2018.06.23"]
[Round "5"]
[White "Omonova, Umida"]
[Black "Khabibullaeva, Mokhinur"]
[Result "1-0"]
[ECO "C06"]
[WhiteElo "1733"]
[BlackElo "1462"]
[Annotator "NA"]
[PlyCount "67"]
[EventDate "2018.06.22"]
[EventType "rapid"]
[EventCountry "BLR"]
[SourceTitle "playchess.com"]
[Source "ChessBase"]
[SourceQuality "1"]
[TimeControl "600+5"]

1. e4 e6 2. d4 d5 3. Nd2 Nf6 4. e5 Nfd7 5. Bd3 c5 6. c3 Nc6 7. Ne2 cxd4 8. cxd4 f6 9. exf6 Nxf6 10. Nf3 Bd6 11. O-O Qc7 12. Bg5 O-O 13. Bh4 e5 14. dxe5 Nxe5 15. Nxe5 Bxe5 16. Bg3 Bd7 17. Rc1 Bc6 18. Nd4 Rae8 19. Qc2 Qb6 20. Nxc6 bxc6 21. b3 Bxg3 22. hxg3 Rc8 23. Bf5 Rc7 24. Be6+ Kh8 25. Rfe1 Ne4 26. Re2 Nxg3 27. Re3 Ne4 28. Re2 Nf6 29. Rce1 c5 30. Qd3 Qd6 31. Bf5 Rcf7 32. Re6 Qc7 33. Qh3 Ne4 34. Qxh7# 1-0

[Event "2nd FIDE WCC Rapid G12"]
[Site "Minsk"]
[Date "2018.06.23"]
[Round "5"]
[White "Dubovyk, Anastasiia"]
[Black "Petrova, Varvara"]
[Result "1-0"]
[ECO "C02"]
[WhiteElo "1721"]
[BlackElo "1500"]
[Annotator "NA"]
[PlyCount "137"]
[EventDate "2018.06.22"]
[EventType "rapid"]
[EventCountry "BLR"]
[SourceTitle "playchess.com"]
[Source "ChessBase"]
[SourceQuality "1"]
[TimeControl "600+5"]

1. e4 e6 2. d4 d5 3. e5 c5 4. c3 Qb6 5. Nf3 Nc6 6. a3 c4 7. Nbd2 Na5 8. Be2 Bd7 9. O-O O-O-O 10. Ng5 Nh6 11. f4 f6 12. Nh3 Nf5 13. Nf3 Nb3 14. Rb1 Ba4 15. Qe1 Qc6 16. g4 Nxc1 17. Qxc1 Ne7 18. Bd1 f5 19. Nfg5 Bxd1 20. Qxd1 Re8 21. Nf7 fxg4 22. Qxg4 Nf5 23. Nxh8 Nh6 24. Qh5 g6 25. Nxg6 hxg6 26. Qf3 Nf5 27. Kf2 Bh6 28. Ke2 Qa4 29. Kd2 Qa5 30. Qf2 a6 31. Ng5 Qc7 32. Rg1 Qe7 33. h4 Rh8 34. Rh1 Bxg5 35. hxg5 Rh5 36. Rxh5 gxh5 37. Rh1 h4 38. Rh3 Qf7 39. Qf3 Qg6 40. Qd1 Ng3 41. Kc1 Nf5 42. b3 b5 43. bxc4 dxc4 44. Qf3 Kc7 45. Qa8 Kb6 46. Qb8+ Ka5 47. Qc7+ Ka4 48. Qc5 Ka5 49. a4 Nxd4 50. Qxd4 Kxa4 51. Qd1+ Ka5 52. Rh2 Qf5 53. Ra2+ Kb6 54. Qd4+ Kc7 55. Qd6+ Kc8 56. Qxa6+ Kd7 57. Qd6+ Ke8 58. Ra8+ Kf7 59. Rf8+ Kg6 60. Rxf5 Kxf5 61. Qf8+ Kg4 62. g6 h3 63. g7 h2 64. g8=Q+ Kf3 65. Qa8+ Kxf4 66. Qgg2 Kxe5 67. Qxh2+ Kf6 68. Qf8+ Kg6 69. Qhh6# 1-0

[Event "2nd FIDE WCC Rapid G12"]
[Site "Minsk"]
[Date "2018.06.23"]
[Round "5"]
[White "Nguyen, Hong Nhung"]
[Black "Osmolovska, Yevheniia"]
[Result "1-0"]
[ECO "B23"]
[WhiteElo "1518"]
[BlackElo "1391"]
[Annotator "NA"]
[PlyCount "125"]
[EventDate "2018.06.22"]
[EventType "rapid"]
[EventCountry "BLR"]
[SourceTitle "playchess.com"]
[Source "ChessBase"]
[SourceQuality "1"]
[TimeControl "600+5"]

1. e4 c5 2. Nc3 e6 3. g3 g6 4. Bg2 Bg7 5. d3 Ne7 6. Be3 d6 7. Nge2 Nbc6 8. O-O O-O 9. Qd2 Nd4 10. Nd1 Rb8 11. c3 Ndc6 12. d4 c4 13. Bh6 b5 14. Bxg7 Kxg7 15. Ne3 a5 16. f4 Ba6 17. d5 Na7 18. Qd4+ e5 19. fxe5 dxe5 20. Qxe5+ Kg8 21. Ng4 f6 22. Nxf6+ Rxf6 23. Qxf6 Bc8 24. Qf7+ Kh8 25. d6 Nec6 26. Qf8+ Qxf8 27. Rxf8+ Kg7 28. Rf2 Ne5 29. Nf4 Nac6 30. h3 b4 31. Rd1 a4 32. Nd5 Nd3 33. Rfd2 Nce5 34. Nxb4 Bd7 35. Nxd3 Nxd3 36. Bf1 Ne5 37. Bg2 Nd3 38. Re2 Kf6 39. Bf1 Ke6 40. e5 Nxe5 41. Bg2 Rb5 42. Rd4 Kf6 43. Rf4+ Kg7 44. Rfe4 Nc6 45. Re7+ Nxe7 46. Rxe7+ Kf6 47. Rxd7 Ke6 48. Rb7 Rxb7 49. Bxb7 Kxd6 50. Kf2 Kc5 51. Ke3 h6 52. Bc8 g5 53. Ke4 a3 54. bxa3 Kb5 55. Bd7+ Kc5 56. a4 Kb6 57. Kd5 Ka5 58. Kxc4 h5 59. Kd5 Ka6 60. c4 Ka7 61. c5 Ka8 62. c6 Kb8 63. Kd6 1-0

[Event "2nd FIDE WCC Rapid G12"]
[Site "Minsk"]
[Date "2018.06.23"]
[Round "5"]
[White "Petrova, Elizaveta"]
[Black "Alekseenko, Mariya"]
[Result "0-1"]
[ECO "A43"]
[WhiteElo "1368"]
[BlackElo "1763"]
[Annotator "NA"]
[PlyCount "132"]
[EventDate "2018.06.22"]
[EventType "rapid"]
[EventCountry "BLR"]
[SourceTitle "playchess.com"]
[Source "ChessBase"]
[SourceQuality "1"]
[TimeControl "600+5"]

1. d4 Nf6 2. Nf3 c5 3. d5 d6 4. g3 e5 5. c4 Nbd7 6. Nc3 a6 7. e4 g6 8. Bg2 Bg7 9. O-O O-O 10. Ne1 Ne8 11. Nc2 h6 12. f4 exf4 13. Bxf4 Ne5 14. Bxe5 Bxe5 15. Qd2 Kh7 16. Rf2 Qe7 17. Raf1 Nf6 18. b3 Ng4 19. Re2 Bg7 20. h3 Ne5 21. Na4 Qc7 22. Ne3 b5 23. Nb2 Qe7 24. Nd3 Nxd3 25. Qxd3 Be5 26. Nc2 Bd7 27. Ref2 f5 28. exf5 Bxf5 29. Be4 bxc4 30. bxc4 Bxe4 31. Qxe4 Rxf2 32. Rxf2 Rf8 33. Qg2 Kg7 34. Rxf8 Qxf8 35. Qf2 Qb8 36. Kg2 a5 37. g4 Qb1 38. Ne3 Bd4 39. Qe2 Qe4+ 40. Kf2 Qf4+ 41. Qf3 Bxe3+ 42. Ke2 Qxf3+ 43. Kxf3 Bd4 44. Ke4 Kf6 45. Kf4 Be5+ 46. Ke4 Kg5 47. Kf3 Kh4 48. Kg2 a4 49. g5 Kxg5 50. Kf3 Kh4 51. Kg2 g5 52. Kf3 Kxh3 53. Ke2 g4 54. Kd3 a3 55. Kc2 g3 56. Kb3 Bb2 57. Kc2 g2 58. Kd3 g1=Q 59. Ke4 Qg4+ 60. Ke3 Bc1+ 61. Kd3 Qd4+ 62. Ke2 Qe3+ 63. Kf1 Qd3+ 64. Kf2 Be3+ 65. Ke1 Qd2+ 66. Kf1 Qf2# 0-1

[Event "2nd FIDE WCC Rapid G12"]
[Site "Minsk"]
[Date "2018.06.23"]
[Round "6"]
[White "Zavivaeva, Emilia"]
[Black "Nguyen, Hong Nhung"]
[Result "0-1"]
[ECO "B40"]
[WhiteElo "1556"]
[BlackElo "1518"]
[Annotator "NA"]
[PlyCount "43"]
[EventDate "2018.06.22"]
[EventType "rapid"]
[EventCountry "BLR"]
[SourceTitle "playchess.com"]
[Source "ChessBase"]
[SourceQuality "1"]
[TimeControl "600+5"]

1. e4 c5 2. Nf3 e6 3. d4 cxd4 4. Nxd4 Nf6 5. Nc3 Nc6 6. Be3 Bb4 7. Nxc6 bxc6 8. Bd3 d5 9. exd5 cxd5 10. O-O O-O 11. Ne2 Bb7 12. c3 Bd6 13. Qc2 h6 14. Nd4 Ng4 15. Qe2 Bxh2+ 16. Kh1 Qh4 17. Nf3 Qh5 18. Rfd1 e5 19. Bc2 e4 20. Rxd5 Bxd5 21. Qd2 exf3 22. g3 0-1

[Event "2nd FIDE WCC Rapid G12"]
[Site "Minsk"]
[Date "2018.06.23"]
[Round "6"]
[White "Starosta, Martyna"]
[Black "Kastanieda, Alla"]
[Result "1-0"]
[ECO "C11"]
[WhiteElo "1537"]
[BlackElo "1379"]
[Annotator "NA"]
[PlyCount "53"]
[EventDate "2018.06.22"]
[EventType "rapid"]
[EventCountry "BLR"]
[SourceTitle "playchess.com"]
[Source "ChessBase"]
[SourceQuality "1"]
[TimeControl "600+5"]

1. e4 e6 2. d4 d5 3. Nc3 Nf6 4. e5 Nfd7 5. f4 c5 6. Nf3 cxd4 7. Nxd4 Nc6 8. Be3 Bc5 9. Qd2 a6 10. O-O-O Bxd4 11. Bxd4 b5 12. Qf2 Qa5 13. Kb1 Bb7 14. Bd3 Qb4 15. Ne2 Nxd4 16. Qxd4 Qxd4 17. Nxd4 Nc5 18. Rhf1 Nxd3 19. Rxd3 g6 20. g4 Rg8 21. f5 gxf5 22. gxf5 Ke7 23. fxe6 fxe6 24. Rdf3 Bc8 25. Rf7+ Ke8 26. Nc6 Bd7 27. Re7# 1-0

[Event "2nd FIDE WCC Rapid G12"]
[Site "Minsk"]
[Date "2018.06.23"]
[Round "6"]
[White "Dubovik, Maria"]
[Black "Shaban, Aliaksandra"]
[Result "0-1"]
[ECO "B03"]
[WhiteElo "1408"]
[BlackElo "1425"]
[Annotator "NA"]
[PlyCount "81"]
[EventDate "2018.06.22"]
[EventType "rapid"]
[EventCountry "BLR"]
[SourceTitle "playchess.com"]
[Source "ChessBase"]
[SourceQuality "1"]
[TimeControl "600+5"]

1. e4 Nf6 2. e5 Nd5 3. d4 d6 4. exd6 cxd6 5. c4 Nb6 6. a4 a5 7. b3 g6 8. Bb2 Bg7 9. Nf3 O-O 10. Be2 Bg4 11. O-O Nc6 12. h3 Bxf3 13. Bxf3 d5 14. c5 Nc8 15. Na3 b6 16. cxb6 Nxb6 17. Nb5 Rb8 18. Rc1 Qd7 19. Qd2 Nc8 20. Rfd1 N8a7 21. Nxa7 Nxa7 22. Qxa5 Rxb3 23. Ba1 Ra3 24. Qxd5 Qxd5 25. Bxd5 Rxa4 26. Bf3 Rd8 27. d5 Bh6 28. Rc7 Nc8 29. Bc3 Bf4 30. Rb7 Bd6 31. Bg4 f5 32. Bf3 Ra3 33. Bb2 Ra4 34. g4 Rf4 35. Kg2 h6 36. gxf5 gxf5 37. Rg1 Kh7 38. Rc1 Rg8+ 39. Kh1 Rxf3 40. Rc3 Re3 41. fxe3 0-1

[Event "2nd FIDE WCC Rapid G12"]
[Site "Minsk"]
[Date "2018.06.23"]
[Round "6"]
[White "Nguyen, Linh Dan"]
[Black "Gaal, Zsoka"]
[Result "0-1"]
[ECO "B32"]
[WhiteElo "1325"]
[BlackElo "2060"]
[Annotator "NA RC"]
[PlyCount "138"]
[EventDate "2018.06.22"]
[EventType "rapid"]
[EventCountry "BLR"]
[SourceTitle "playchess.com"]
[Source "ChessBase"]
[SourceQuality "1"]
[TimeControl "600+5"]

1. e4 c5 2. Nf3 Nc6 3. d4 cxd4 4. Nxd4 g6 5. Be3 Bg7 6. g3 Nf6 {[%emt 0:00:32] LiveBook: 3 Games} 7. Bg2 O-O {[%emt 0:00:18] B34: Sicilian: Accelerated Dragon with 5 Nc3: sidelines} (7... Ng4 8. Qxg4 Nxd4 9. Na3 O-O 10. c3 d6 11. Qd1 Nc6 12. f4 Be6 13. O-O Qc8 14. Rf2 Bh3 15. Bh1 Rb8 16. Qd3 Qd7 17. Nb5 a6 18. Nd4 Nxd4 19. Bxd4 e5 20. Be3 exf4 21. Bxf4 Be5 22. Bg2 {½-½ (22) Kopecky,P (2252)-Havlikova,K (2285) Czechia 2011}) 8. O-O Rb8 9. Nc3 d6 10. Rb1 $146 ({Predecessor:} 10. Qd2 Ng4 11. Nce2 Nxe3 12. Qxe3 Qb6 13. c3 Nxd4 14. Nxd4 Qxb2 15. Rfb1 Qa3 16. Nc6 Qxc3 17. Nxe7+ {0-1 (57) Binder,M-Schreiner,P Aigen 2004}) 10... Ng4 11. Nxc6 bxc6 12. Bxa7 Ra8 13. Bd4 e5 14. Be3 Nxe3 15. fxe3 Ba6 16. Re1 Qc7 17. Qf3 Rab8 18. g4 Rb7 19. Bf1 Bxf1 20. Rxf1 Rfb8 21. b3 Qa5 22. Na4 Qc7 23. Rbd1 Rd8 24. c4 c5 (24... Qe7 $14) 25. Rd5 Qe7 26. Rfd1 Rbd7 27. Nc3 Qg5 28. Qg3 Bh6 29. R1d3 Qe7 30. Nb5 Ra8 31. a4 Ra6 32. h4 Bg7 33. Rd1 h6 34. Nc3 Bf6 35. Nb5 Bxh4 36. Qh3 Qf6 37. Qf1 Qg5 38. Qf3 h5 39. Rxd6 hxg4 40. Qe2 Rdxd6 41. Nxd6 g3 42. Qf3 Qe7 43. Nb5 Ra8 44. Nc3 Qe6 45. Nd5 Qh3 46. Qg2 Qxg2+ 47. Kxg2 Rb8 48. Rd3 f5 {[%emt 0:00:04] [#]} 49. exf5 (49. Rd2 $1 $16) 49... gxf5 50. Kh3 $11 e4 51. Rd1 Bg5 52. Kxg3 Rxb3 53. Kf2 Ra3 54. Rg1 Ra2+ 55. Kg3 Kf7 56. Kh3 Bd8 57. Rf1 Ke6 58. Nf4+ Kd7 59. Ng6 Rxa4 60. Rxf5 Rxc4 61. Rd5+ Kc8 62. Ne5 Rc3 63. Nf7 Bb6 64. Nd6+ Kb8 65. Kg4 c4 66. Nxe4 Rxe3 67. Kf4 c3 68. Rb5 c2 69. Rxb6+ Kc7 0-1

[Event "2nd FIDE WCC Rapid G12"]
[Site "Minsk"]
[Date "2018.06.23"]
[Round "7"]
[White "Gaal, Zsoka"]
[Black "Petrova, Varvara"]
[Result "1-0"]
[ECO "A05"]
[WhiteElo "2060"]
[BlackElo "1500"]
[Annotator "NA"]
[PlyCount "92"]
[EventDate "2018.06.22"]
[EventType "rapid"]
[EventCountry "BLR"]
[SourceTitle "playchess.com"]
[Source "ChessBase"]
[SourceQuality "1"]
[TimeControl "600+5"]

1. Nf3 Nf6 2. g3 d5 3. Bg2 g6 4. d4 Bg7 5. O-O O-O 6. c4 dxc4 7. Qa4 c6 8. Qxc4 Nd5 {[%emt 0:00:04] D78: Fianchetto Grünfeld: 6 0-0 c6} (8... Bf5 9. Nc3 Nbd7 10. h3 Ne4 11. Qb3 Qb6 12. Rd1 Qxb3 13. axb3 Nb6 14. Ne1 Nxc3 15. bxc3 Be6 16. Rb1 a5 17. Nd3 a4 {1-0 (38) Gelfand,B (2695)-Sutovsky,E (2647) Poikovsky 2018}) 9. Nc3 Nb6 10. Qb3 N8d7 11. Bf4 Nf6 12. Rfd1 e6 $146 ({Predecessor:} 12... Be6 13. Qc2 Nfd5 14. Bd2 Nb4 15. Qc1 Re8 16. a3 N4d5 17. e4 {1-0 (50) Mamonov,A (1763)-Kruzhilin,A Saratov 2011}) 13. Rac1 Qe7 14. Bg5 h6 15. Bxf6 Bxf6 16. Ne4 Bg7 17. Nc5 Nd5 18. Ne5 Qc7 19. Ncd3 Qd6 20. Nc4 Qe7 21. e3 Rd8 22. Nc5 b6 23. Nd3 Bb7 24. Nce5 Rac8 25. Qa4 Bxe5 26. Nxe5 $16 a6 27. Qb3 b5 28. Nd3 Nb6 29. Nc5 Nc4 30. Qc3 Nd6 31. b3 Nf5 32. Qe1 a5 33. Qe2 Ba8 34. Qg4 h5 35. Qe2 Kg7 36. Rd2 Rd6 37. Ne4 Rdd8 38. Rdc2 Nd6 39. Nc5 Nf5 40. Nd3 Qd6 41. Ne5 Ne7 42. Rc5 Rc7 43. Qf3 Rdc8 44. Qxf7+ Kh6 45. Qf4+ Kg7 46. Nd3 Qd7 {time} 1-0

[Event "2nd FIDE WCC Rapid G12"]
[Site "Minsk"]
[Date "2018.06.23"]
[Round "7"]
[White "Omonova, Umida"]
[Black "Cherepanova, Evita"]
[Result "1-0"]
[ECO "C07"]
[WhiteElo "1733"]
[BlackElo "1604"]
[Annotator "NA"]
[PlyCount "83"]
[EventDate "2018.06.22"]
[EventType "rapid"]
[EventCountry "BLR"]
[SourceTitle "playchess.com"]
[Source "ChessBase"]
[SourceQuality "1"]
[TimeControl "600+5"]

1. e4 e6 2. d4 d5 3. Nd2 c5 4. exd5 Qxd5 5. Ngf3 cxd4 6. Bc4 Qd7 7. O-O Nf6 8. Nb3 Nc6 9. Nbxd4 Nxd4 10. Nxd4 a6 11. Bg5 Be7 12. Re1 O-O 13. c3 Qc7 14. Bd3 h6 15. Bh4 b5 16. Bc2 Bb7 17. Qe2 Rfe8 18. Bg3 Qb6 19. Rad1 Rad8 20. a3 Bd5 21. Be5 Bc4 22. Qf3 Bd5 23. Qg3 Qb7 24. f3 Nh5 25. Qh3 Nf6 26. Qg3 Nh5 27. Qh3 Nf6 28. Rd2 Nd7 29. Bg3 Nf6 30. Rde2 Bf8 31. Be5 Be7 32. Bg3 Bd6 33. Bh4 Be7 34. f4 Nh7 35. Bxe7 Rxe7 36. f5 Ng5 37. Qg3 Rde8 38. f6 Rc7 39. h4 a5 40. hxg5 hxg5 41. Qxg5 g6 42. Qh6 1-0

[Event "2nd FIDE WCC Rapid G12"]
[Site "Minsk"]
[Date "2018.06.23"]
[Round "7"]
[White "Ivanytska, Liudmyla"]
[Black "Andrukhovich, Elizaveta"]
[Result "1-0"]
[ECO "C28"]
[WhiteElo "1545"]
[BlackElo "1472"]
[Annotator "NA"]
[PlyCount "139"]
[EventDate "2018.06.22"]
[EventType "rapid"]
[EventCountry "BLR"]
[SourceTitle "playchess.com"]
[Source "ChessBase"]
[SourceQuality "1"]
[TimeControl "600+5"]

1. e4 e5 2. Nc3 Nf6 3. Bc4 Nc6 4. d3 Bb4 5. Bd2 Bxc3 6. Bxc3 d5 7. exd5 Nxd5 8. Qf3 Be6 9. Ne2 O-O 10. Bd2 Qd6 11. a3 Rad8 12. O-O Nb6 13. Bxe6 Qxe6 14. Rad1 Rfe8 15. Rfe1 Qg6 16. Be3 Nd5 17. Ng3 Nde7 18. Bc5 Qf6 19. Qe4 Ng6 20. Be3 b6 21. Nh5 Qd6 22. Qf3 Nd4 23. Bxd4 Qxd4 24. Rb1 c5 25. h3 Rd7 26. Re4 Qd5 27. b3 Rde7 28. Rbe1 Qd6 29. Ng3 Qf6 30. Nf5 Re6 31. Qg4 h6 32. h4 Ne7 33. Ng3 Qg6 34. Qe2 Nc6 35. Rg4 Qf6 36. Nh5 Qe7 37. Nxg7 Rg6 38. Nxe8 Qxe8 39. Rxg6+ fxg6 40. Qe4 Qe6 41. b4 cxb4 42. axb4 Nd4 43. c3 Nf5 44. Qxe5 Qb3 45. Qe6+ Qxe6 46. Rxe6 Nxh4 47. g3 Kf7 48. Rc6 Nf5 49. Rc7+ Ke6 50. Rxa7 Kd6 51. Rh7 h5 52. Kf1 Kd5 53. Ke2 b5 54. Rb7 Kc6 55. Rf7 Kd5 56. Rf6 Ne7 57. Rb6 Nf5 58. Rxb5+ Kc6 59. Re5 Kd6 60. Ra5 Ne7 61. Ra6+ Kd5 62. Kd2 Ke5 63. Ra5+ Kd6 64. f4 Kc6 65. Ra6+ Kb5 66. Re6 Nf5 67. Rxg6 Ne7 68. Re6 Nc6 69. c4+ Kb6 70. b5 1-0

[Event "2nd FIDE WCC Rapid G12"]
[Site "Minsk"]
[Date "2018.06.23"]
[Round "7"]
[White "Shaban, Aliaksandra"]
[Black "Alekseenko, Mariya"]
[Result "0-1"]
[ECO "A56"]
[WhiteElo "1425"]
[BlackElo "1763"]
[Annotator "NA"]
[PlyCount "86"]
[EventDate "2018.06.22"]
[EventType "rapid"]
[EventCountry "BLR"]
[SourceTitle "playchess.com"]
[Source "ChessBase"]
[SourceQuality "1"]
[TimeControl "600+5"]

1. d4 Nf6 2. c4 c5 3. d5 e5 4. dxe6 fxe6 5. Nc3 d5 6. e3 Nc6 7. Nf3 Be7 8. Be2 O-O 9. O-O a6 10. b3 d4 11. exd4 cxd4 12. Nb1 e5 13. Bb2 Bc5 14. a3 e4 15. Nfd2 d3 16. Bxf6 Qxf6 17. Ra2 dxe2 18. Qxe2 Bf5 19. b4 Bd6 20. Nxe4 Bxe4 21. Qxe4 Rae8 22. Qd5+ Kh8 23. Nd2 Qe5 24. Qxe5 Nxe5 25. c5 Bc7 26. Raa1 b6 27. cxb6 Bxb6 28. h3 Nd3 29. Nf3 Re2 30. Kh2 Nxf2 31. Rac1 Re6 32. Ng5 Ref6 33. Nf3 h6 34. a4 Nd3 35. Rc4 Ba7 36. Kh1 Kh7 37. Kh2 Ne5 38. Rc3 Nxf3+ 39. Rcxf3 Rxf3 40. Rxf3 Rxf3 41. gxf3 Kg6 42. Kg3 Kf5 43. h4 h5 0-1

[Event "2nd FIDE WCC Rapid G12"]
[Site "Minsk"]
[Date "2018.06.23"]
[Round "7"]
[White "Kudryavtseva, Anastasia"]
[Black "Shubenkova, Veronika"]
[Result "0-1"]
[ECO "D31"]
[WhiteElo "1420"]
[BlackElo "1700"]
[Annotator "NA"]
[PlyCount "69"]
[EventDate "2018.06.22"]
[EventType "rapid"]
[EventCountry "BLR"]
[SourceTitle "playchess.com"]
[Source "ChessBase"]
[SourceQuality "1"]
[TimeControl "600+5"]

1. d4 d5 2. c4 e6 3. Nc3 f5 4. Nf3 Nf6 5. Bg5 Be7 6. e3 c6 7. Bd3 O-O 8. O-O Ne4 9. Bxe7 Qxe7 10. Ne5 Nd7 11. f4 Nxe5 12. dxe5 Qc5 13. Qe2 Bd7 14. Rac1 Qe7 15. Bxe4 fxe4 16. cxd5 cxd5 17. Kh1 Rac8 18. g4 a6 19. Rg1 Rc5 20. Rcd1 Rfc8 21. a3 a5 22. Rd2 b5 23. Rgd1 b4 24. Nxe4 Bb5 25. Qe1 dxe4 26. g5 Bd3 27. axb4 axb4 28. h4 b3 29. h5 Rc2 30. Qf2 Rxd2 31. Rxd2 Rc1+ 32. Kh2 Rc2 33. Qg2 Rxd2 34. Qxd2 Qc7 35. Kg3 0-1

[Event "2nd FIDE WCC Rapid G12"]
[Site "Minsk"]
[Date "2018.06.23"]
[Round "8"]
[White "Gaal, Zsoka"]
[Black "Krupnova, Anna"]
[Result "1-0"]
[ECO "D79"]
[WhiteElo "2060"]
[BlackElo "1761"]
[Annotator "NA RC"]
[PlyCount "126"]
[EventDate "2018.06.22"]
[EventType "rapid"]
[EventCountry "BLR"]
[SourceTitle "playchess.com"]
[Source "ChessBase"]
[SourceQuality "1"]
[TimeControl "600+5"]

1. Nf3 Nf6 2. g3 g6 3. Bg2 Bg7 4. O-O O-O 5. d4 d5 6. c4 c6 7. cxd5 cxd5 8. Ne5 Ne4 9. Nd2 {[%emt 0:02:16] LiveBook: 32 Games} Nxd2 10. Bxd2 Nc6 {[%emt 0:00:40] D78: Grünfeldindisch (Fianchetto 6.0-0 c6)} (10... Nd7 11. Bc3 Nf6 12. Qb3 Ne4 13. Bxe4 dxe4 14. Rfd1 Qb6 15. Qxb6 axb6 16. Nc4 Be6 17. d5 Bg4 18. Bxg7 Kxg7 {½-½ (27) Aronian,L (2812)-Gelfand,B (2777) Zuerich 2014}) 11. Nxc6 bxc6 12. Bc3 Bf5 $146 ({Vorgänger:} 12... Qb6 13. Qd2 Re8 14. Rfe1 e5 15. dxe5 Bxe5 16. Bxe5 Rxe5 17. Rac1 Bf5 18. e3 {½-½ (64) Nordsieck,T (2276)-Scheider,J (2284) Germany 2015}) 13. Rc1 Rc8 14. Qa4 Qb6 15. Rfd1 Rfe8 16. e3 Bd7 17. Qa5 e6 18. Bb4 Qxa5 19. Bxa5 c5 20. Rxc5 Rxc5 21. dxc5 Bxb2 22. Rd2 Ba3 23. e4 Rb8 24. h4 Rb1+ 25. Kh2 Rb5 26. Bc3 Rxc5 27. Bd4 Ra5 28. exd5 exd5 29. Bf6 Be6 30. Re2 Bd6 31. Bh3 h5 32. Bxe6 fxe6 33. Rxe6 Bc5 34. Re2 Ra3 35. Kg2 Kf7 36. Bg5 d4 37. Rd2 Rc3 38. Bf4 d3 39. Kf3 Rc2 40. Rxd3 Rxf2+ 41. Ke4 Rxa2 42. Rd7+ Ke6 43. Rg7 Ra4+ 44. Kd3 Kf6 45. Rb7 Rd4+ 46. Kc3 Ra4 47. Bg5+ Ke6 48. Rc7 Bd4+ 49. Kd3 Bb6 50. Rc6+ Kf7 51. Rf6+ Kg7 52. Rd6 Ra3+ 53. Ke4 Rxg3 54. Rd7+ Kg8 $11 55. Ke5 Rg1 56. Kf6 Bc5 57. Kxg6 Bf8 58. Kxh5 a5 59. Ra7 Ra1 60. Kg6 a4 61. h5 a3 62. h6 Rh1 63. h7+ Rxh7 1-0

[Event "2nd FIDE WCC Rapid G12"]
[Site "Minsk"]
[Date "2018.06.23"]
[Round "8"]
[White "Alekseenko, Mariya"]
[Black "Omonova, Umida"]
[Result "1/2-1/2"]
[ECO "A21"]
[WhiteElo "1763"]
[BlackElo "1733"]
[Annotator "NA RC"]
[PlyCount "106"]
[EventDate "2018.06.22"]
[EventType "rapid"]
[EventCountry "BLR"]
[SourceTitle "playchess.com"]
[Source "ChessBase"]
[SourceQuality "1"]
[TimeControl "600+5"]

1. c4 e5 2. Nc3 d6 3. g3 g6 4. Bg2 Bg7 5. e3 f5 6. Nge2 Nc6 7. O-O Nf6 8. d3 O-O 9. Rb1 a5 10. a3 Ne7 11. Nd5 c6 12. Nxf6+ Bxf6 13. b4 axb4 14. axb4 Qc7 15. Qb3 Be6 16. b5 Rfb8 17. Nc3 Kg7 18. Bd2 Qd8 19. e4 Rc8 20. Be3 Qd7 21. Na4 cxb5 22. Nb6 bxc4 23. dxc4 Qc7 24. Nxa8 Rxa8 25. Qxb7 Qxb7 26. Rxb7 Rc8 27. Rc1 Bxc4 28. Bf1 Be6 29. Rxc8 Bxc8 30. Rc7 fxe4 31. Bc4 Kf8 32. Bd2 Ke8 33. Bb5+ Kf7 34. Bb4 Ke6 35. Bc4+ d5 36. Bxe7 Bxe7 37. Bxd5+ Kxd5 38. Rxe7 h5 39. h4 Bf5 40. Kf1 Kd6 41. Ra7 Ke6 42. Ke2 Bg4+ 43. Ke3 Bf3 44. Ra6+ Kf5 45. Rb6 Bg2 46. Rb4 Bf3 47. Rb5 Bg2 48. Rb8 Bh1 49. Rf8+ Ke6 50. Re8+ Kf6 51. Rc8 Bg2 52. Rc4 Kf5 53. Rb4 Bh1 1/2-1/2